 Dungeon Crawl Stone Soup version 0.26-a0-682-g294304f6e8 (webtiles) character file.

Game seed: 16333159013183607021

1684 Kinoniko the Spear-Bearer (level 9, -1/81 HPs)
             Began as an Ogre Gladiator on Oct 20, 2020.
             Was a Follower of Okawaru.
             Slain by Menkaure (24 damage)
             ... on level 6 of the Dungeon.
             The game lasted 00:15:19 (8696 turns).

Kinoniko the Spear-Bearer (Ogre Gladiator)          Turns: 8696, Time: 00:15:20

Health: -1/81      AC:  7    Str: 29    XL:     9   Next: 2%
Magic:  9/9        EV: 10    Int:  9    God:    Okawaru [*.....]
Gold:   30         SH:  0    Dex: 10    Spells: 8/8 levels left

rFire    + . .     SeeInvis .   e - +1 trident (freeze)
rCold    + . .     Faith    .   (no shield)
rNeg     . . .     Spirit   .   b - +0 robe
rPois    .         Reflect  .   c - +0 hat
rElec    .         Harm     .   f - scarf {rC+ rF+}
rCorr    .         Rampage  .   (gloves unavailable)
MR       .....     Clarity  +   (boots unavailable)
Stlth    +.........             (no amulet)
HPRegen  0.23/turn              r - +6 ring of strength
MPRegen  0.11/turn              w - +4 ring of protection

@: no status effects
A: large, unfitting armour, horns 1, clarity, tough skin 1
a: Heroism, Renounce Religion


You were on level 6 of the Dungeon.
You worshipped Okawaru.
Okawaru was aware of your devotion.
You visited 2 branches of the dungeon, and saw 7 of its levels.

You collected 356 gold pieces.
You spent 326 gold pieces at shops.

Inventory:

Hand Weapons
 a - a +0 trident
 e - a +1 trident of freezing (weapon)
Missiles
 d - 5 throwing nets
 h - 310 stones (quivered)
 i - 8 atropa-tipped darts
 p - 58 sling bullets
Armour
 b - a +0 robe (worn)
 c - a +0 hat (worn)
 f - a scarf of resistance (worn)
Jewellery
 r - a +6 ring of strength (left hand)
 w - a +4 ring of protection (right hand)
 y - an uncursed amulet of faith {unknown}
Wands
 n - a wand of paralysis (7)
 s - a wand of iceblast (4)
 v - a wand of acid (4)
Scrolls
 g - a scroll of remove curse
 j - 2 scrolls of noise
 m - a scroll of fear {unknown}
 o - 2 scrolls of identify
 q - a scroll of fog
 x - a scroll of teleportation
Potions
 k - a potion of brilliance
 u - 2 potions of haste


   Skills:
 - Level 3.0 Fighting
 * Level 9.6 Polearms
 + Level 6.6 Throwing
 - Level 2.8 Dodging


You had 8 spell levels left.
You didn't know any spells.
Your spell library contained the following spells:

 Spells                   Type           Power        Failure   Level
 Animate Skeleton         Necr           #.....       38%         1
 Apportation              Tloc           #.....       38%         1
 Corona                   Hex            #......      38%         1
 Summon Small Mammal      Summ           #...         38%         1


Dungeon Overview and Level Annotations

Branches:
Dungeon (6/15)             Temple (1/1) D:5

Altars:
Ashenzari
Cheibriados
Dithmenos
Elyvilon
Fedhas
Gozag
Kikubaaqudgha
Makhleb
Nemelex Xobeh
Okawaru
Qazlal
Ru
Sif Muna
Uskayaw
Wu Jian
Xom
Yredelemnul
Zin
The Shining One

Shops:
D:4 :!*([   D:6 ?!

Annotations:
D:6 1 runed translucent door, Crazy Yiuf, Menkaure


Innate Abilities, Weirdness & Mutations

You are too large for most types of armour.
You have tough skin. (AC +1)
You have a pair of small horns on your head.
You possess an exceptional clarity of mind.


Message History

There is an entrance to Kehagu's Magic Scroll Shoppe here.
You can access your shopping list by pressing '$'.
Menkaure, Prince of Dust comes into view.
Menkaure mumbles some strange words.
Menkaure seems to speed up.
Throwing (i - inventory. (/) - cycle)
h - 311 stones (quivered)
Press: ? - help, Shift-Dir - straight line, f - Menkaure
Aim: Menkaure (fast)
You throw a stone. The stone hits Menkaure.
Menkaure is lightly damaged.
Menkaure calls on the powers of darkness!
Your body is wracked with pain!
Menkaure calls on the powers of darkness!
Your body is wracked with pain!
* * * LOW HITPOINT WARNING * * *
You are too injured to fight recklessly!
Unknown command.
Found a chain mail.
Menkaure hits you!!
You die...

#.# .# .. .........# #.# .
.....)#..#.### .... ..
#..###...∩..# #.##.
##..###.##.#.### #.##..####
#...............
#.#.......##...##.#.#......
#..............##.#.#.#####
.......##...##.#.#.#
......M@....##.#.#.#.
....(................#
.......##......#.#####
....... ########.# #[###.#
. # #. ## .. ###


You could see Menkaure (fast).

Vanquished Creatures
  Sigmund (D:6)
  Edmund (D:5)
  An orc warrior (D:6)
  A black bear (D:6)
  2 ogres (D:5)
  6 wights (D:6)
  A bullfrog zombie (D:6)
  A hound (D:6)
  4 orc priests
  A jelly (D:6)
  5 orc wizards
  3 iguanas
  4 worker ants
  A hound zombie (D:5)
  10 adders
  4 gnolls (D:6)
  A shadow imp (D:5)
  A white imp (D:6)
  An ooze (D:3)
  4 worms (D:3)
  2 dart slugs
  5 leopard geckos
  22 orcs
  5 bats
  4 giant cockroaches
  9 goblins
  2 hobgoblins
  4 jackals
  5 kobolds
  2 ball pythons
  4 frilled lizards
  12 rats
129 creatures vanquished.

Vanquished Creatures (others)
  A plant (D:2)
1 creature vanquished.

Grand Total: 130 creatures vanquished

Notes
Turn   | Place    | Note
-------+----------+-------------------------------------------
     0 | D:1      | Kinoniko the Ogre Gladiator began the quest for the Orb.
     0 | D:1      | Reached XP level 1. HP: 22/22 MP: 1/1
   432 | D:1      | Reached XP level 2. HP: 29/29 MP: 2/2
  1336 | D:2      | Reached XP level 3. HP: 37/37 MP: 3/3
  1505 | D:2      | Reached skill level 4 in Polearms
  1765 | D:2      | Reached XP level 4. HP: 43/45 MP: 4/4
  2479 | D:3      | Found a faded altar of an unknown god.
  2717 | D:3      | HP: 3/67 [orc/+0 whip (1)]
  3022 | D:3      | Reached XP level 5. HP: 29/53 MP: 5/5
  3469 | D:3      | Reached skill level 5 in Polearms
  3851 | D:3      | Found a shadowy altar of Dithmenos.
  4759 | D:4      | Found Sibbev's General Store.
  4759 | D:4      | Found Xolaklutia's Distillery.
  4807 | D:4      | Reached XP level 6. HP: 51/61 MP: 6/6
  4891 | D:4      | Bought a potion of curing for 42 gold pieces
  4891 | D:4      | Bought a potion of curing for 42 gold pieces
  4891 | D:4      | Bought a potion of curing for 42 gold pieces
  4899 | D:4      | Bought a scroll of identify for 20 gold pieces
  5171 | D:4      | Found Subbest's Antique Armour Emporium.
  5255 | D:4      | You fall into a shaft and drop 2 floors!
  5261 | D:5      | Entered Level 5 of the Dungeon
  5295 | D:5      | Reached skill level 6 in Polearms
  5566 | D:5      | Found a snail-covered altar of Cheibriados.
  5592 | D:5      | Reached XP level 7. HP: 59/67 MP: 7/7
  5747 | D:5      | Noticed Edmund
  5763 | D:5      | HP: 3/67 [something (3)]
  5768 | D:5      | Gained mutation: You possess an exceptional clarity of
                  | mind. [potion of mutation]
  5768 | D:5      | Gained mutation: You have a pair of small horns on your
                  | head. [potion of mutation]
  5780 | D:5      | Killed Edmund
  5794 | D:5      | Reached skill level 7 in Polearms
  6074 | D:5      | Found a staircase to the Ecumenical Temple.
  6087 | Temple   | Entered the Ecumenical Temple
  6205 | Temple   | Became a worshipper of Warmaster Okawaru
  6330 | D:4      | Found Tedgh's Weapon Boutique.
  6510 | D:4      | Found Vennorgh's Book Shoppe.
  6882 | D:5      | Reached skill level 5 in Throwing
  6921 | D:5      | Reached XP level 8. HP: 67/75 MP: 8/8
  7335 | D:6      | Reached skill level 8 in Polearms
  7943 | D:6      | Reached * piety under Okawaru
  8196 | D:6      | Found a runed translucent door.
  8197 | D:6      | Noticed Crazy Yiuf
  8247 | D:6      | Found Fezuusea's Distillery.
  8251 | D:6      | Bought a potion of haste for 120 gold pieces
  8251 | D:6      | Bought a potion of heal wounds for 60 gold pieces
  8286 | D:6      | Found Kehagu's Magic Scroll Shoppe.
  8296 | D:6      | Noticed Sigmund
  8307 | D:6      | Reached skill level 9 in Polearms
  8323 | D:6      | Killed Sigmund
  8327 | D:6      | Reached XP level 9. HP: 21/81 MP: 9/9
  8332 | D:6      | HP: 4/81 [orc priest/+0 mace (9)]
  8691 | D:6      | Noticed Menkaure
  8696 | D:6      | Slain by Menkaure

Illustrated notes

Levels and vault maps discovered:
D:1:      ncdulo_wetmaze, layout_loops_corners, minmay_parallelograms,
          minmay_misc_feat_enclosed
D:2:      cheibrodos_old_hovel, layout_loops_ring
D:3:      layout_basic, grunt_dithmenos_smoke_and_mirrors,
          chequers_ecumenical_altar_island, lemuel_old_faithful
D:4:      layout_cave_pools, serial_shops, shop, shop, nicolae_shop_stone, shop,
          shop
D:5:      layout_basic, cheibriados_altar_1, minmay_temple_entry_junction,
          uniq_edmund
D:6:      layout_loops_ring, serial_shops, nicolae_shop_crystal, shop, shop,
          uniq_crazy_yiuf_cottage, uniq_menkaure, uniq_sigmund
Temple:   bh_familiar_temple

Skill      XL: |  1  2  3  4  5  6  7  8 |
---------------+-------------------------+-----
Fighting       | 3 |  3.0
Polearms       | 4 5 6 7 9 |  9.6
Throwing       | 3 4 5 6 |  6.6
Dodging        | |  2.8

Action                   |  1- 3 |  4- 6 |  7- 9 || total
-------------------------+-------+-------+-------++-------
Melee: Trident           |    73 |   182 |   181 ||   436
       Headbutt          |       |       |    19 ||    19
Throw: Stone             |    71 |   112 |    59 ||   242
       Boomerang         |       |       |     2 ||     2
Evoke: Wand              |       |     1 |       ||     1
  Use: Potion            |       |     2 |    12 ||    14
       Scroll            |       |     4 |     7 ||    11
 Stab: Sleeping          |     2 |       |     1 ||     3
Armor: Robe              |    26 |    39 |    40 ||   105
       Skin              |       |       |   102 ||   102
Dodge: Dodged            |    39 |    89 |    56 ||   184

Table legend: (Time is in decaauts)
 A = Elapsed time spent in this place.
 B = Non-inter-level travel time spent in this place.
 C = Inter-level travel time spent in this place.
 D = Time resting spent in this place.
 E = Time spent auto-exploring this place.
 F = Levels seen in this place.
 G = Mean time per level.
                   A        B        C        D        E       F      G
               +--------+--------+--------+--------+--------+-----+--------+
         Total |   8715 |   8517 |    198 |   3931 |   3268 |   7 | 1245.0 |
       Dungeon |   8519 |   8339 |    180 |   3931 |   3092 |   6 | 1419.8 |
        Temple |    195 |    177 |     18 |      0 |    176 |   1 |  195.0 |
               +--------+--------+--------+--------+--------+-----+--------+

Top non-repeatable levels by time:
     D:3: 2361 daAuts
     D:6: 1466 daAuts
     D:5: 1317 daAuts
     D:1: 1238 daAuts
     D:2: 1224 daAuts
     D:4: 910 daAuts
  Temple: 195 daAuts
